 Dungeon Crawl Stone Soup version 0.31-a0-167-g1c394c0614 (webtiles) character file.

Game seed: 7499360393937770288

100 qw the Shooter (level 4, -2/40 HPs)
             Began as a Naga Hunter on June 14, 2023.
             Slain by an orc
             ... wielding a +0 trident
              (6 damage)
             ... on level 3 of the Dungeon.
             The game lasted 00:00:52 (1836 turns).

qw the Shooter (Naga Hunter)                        Turns: 1836, Time: 00:00:52

Health: -2/40      AC:  2    Str: 13    XL:     4   Next: 73%
Magic:  4/4        EV:  9    Int:  9    God:
Gold:   172        SH:  0    Dex: 19    Spells: 3/3 levels left

rFire   + . .        Y - +0 shortbow
rCold   . . .        (shield currently unavailable)
rNeg    . . .        c - +0 leather armour
rPois   +            (no helmet)
rElec   .            (no cloak)
rCorr   .            (no gloves)
SInv    +            (no barding)
Will    .....        e - amulet of Qaeck {RegenMP +Blink Dex+2}
Stlth   ++           d - ring of protection from fire
HPRegen 0.26/turn    (no ring)
MPRegen 0.49/turn

%: no passive effects
@: very slow
A: AC +1, large, see invisible, deformed body, poison resistance, slowness 2,
spit poison 1, naga tail 1
a: Spit Poison, Evoke Blink


You were on level 3 of the Dungeon.
You visited 1 branch of the dungeon, and saw 3 of its levels.

You collected 172 gold pieces.


Innate Abilities, Weirdness & Mutations

Your serpentine skin is tough. (AC +1)
You have supernaturally acute eyesight. (SInv)
Armour fits poorly on your strangely shaped body.
Your system is resistant to poisons. (rPois)
You cover ground very slowly.
You can spit poison.
You have a snake-like lower body.


   Skills:
 + Level 2.8 Fighting
 - Level 5.0 Ranged Weapons
 - Level 1.5 Dodging
 - Level 1.5 Stealth


You had 3 spell levels left.
You didn't know any spells.
Your spell library was empty.

Inventory:

Hand Weapons
 Y - a +0 shortbow (weapon)
Armour
 c - a +0 leather armour (worn)
Jewellery
 d - a ring of protection from fire (left hand)
 e - the amulet of Qaeck (around neck) {RegenMP +Blink Dex+2}
   (You acquired it on level 2 of the Dungeon)

   [amulet of magic regeneration]

   It increases your rate of magic regeneration.
   Dex:       It affects your dexterity (+2).
   +Blink:    It lets you blink.
 f - a ring of resist corrosion
Scrolls
 a - a scroll of identify
 g - a scroll of fear {unknown}
Potions
 b - a potion of heal wounds {unknown}
 h - a potion of mutation {unknown}
 i - a potion of enlightenment {unknown}

Dungeon Overview and Level Annotations

Branches:
Dungeon (3/15)

Altars:
Uskayaw

Annotations:
D:3 1 runed translucent door, qw's ghost, amateur GrFi


Message History

The orc is moderately wounded.
You have got your breath back.
The orc hits you with a +0 mace.
1829 ||| INVOKING Spit Poison.
Aiming: Spit Poison (1% risk of failure)
Press: ? - help, Shift-Dir - straight line, f/p - orc The splash of poison misses the orc.
The splash of poison misses the kobold.
The orc hits you from afar with a +0 trident.
The orc barely misses you.
You shoot an arrow. The arrow hits the orc!
You kill the orc!
The orc hits you from afar with a +0 trident. x2
The kobold hits you with a +0 dagger.
You shoot an arrow. The arrow closely misses the kobold.
The arrow closely misses the orc wizard.
You have got your breath back.
The orc hits you but does no damage. The kobold hits you with a +0 dagger.
1832 ||| INVOKING Spit Poison.
Aiming: Spit Poison (1% risk of failure)
Press: ? - help, Shift-Dir - straight line, f/p - kobold The splash of poison misses the kobold.
The splash of poison hits the orc wizard!
The orc wizard is poisoned.
You kill the orc wizard!
The kobold hits you with a +0 dagger.
The orc hits you from afar with a +0 trident.
You shoot an arrow. The arrow misses the kobold.
The arrow misses the bat.
The kobold hits you with a +0 dagger.
The orc hits you from afar with a +0 trident.
You shoot an arrow. The arrow closely misses the kobold.
The arrow hits the bat!
You kill the bat!
The orc hits you from afar with a +0 trident.
The kobold closely misses you.
You shoot an arrow. The arrow hits the kobold.
The kobold is severely wounded.
The orc barely misses you. The kobold hits you with a +0 dagger.
You shoot an arrow. The arrow closely misses the kobold.
You have got your breath back.
The orc hits you from afar with a +0 trident.
You die...

# . ######o#.... ##
#...@K)...# ..#
#.####...... #.# #.#
..... #.# #.# ....
#.# #.# .. .[. #.#
#.###.#.# ..
#########.###.......#
.
.....................
.....####.###########


You could see an orc (resistant) and a kobold.

Vanquished Creatures
  An orc wizard (D:3)
  An adder (D:2)
  A worm (D:2)
  A dart slug (D:2)
  2 orcs
  4 endoplasms
  3 giant cockroaches (D:2)
  5 hobgoblins
  3 jackals (D:2)
  4 quokkas (D:1)
  8 ball pythons
  6 bats
  2 frilled lizards (D:1)
  7 goblins
  2 kobolds
  5 rats
55 creatures vanquished.

Vanquished Creatures (collateral kills)
  An endoplasm (D:1)
  A giant cockroach (D:1)
2 creatures vanquished.

Grand Total: 57 creatures vanquished

Notes
Turn   | Place    | Note
-------+----------+-------------------------------------------
     0 | D:1      | qw the Naga Hunter began the quest for the Orb.
     0 | D:1      | Reached XP level 1. HP: 19/19 MP: 1/1
     0 | D:1      | 0 ||| qw: Version: 0.2-a-29-g1fa15c8
     0 | D:1      | 0 ||| qw: Game counter: 4925
     0 | D:1      | 0 ||| qw: Always use a shield: true
     0 | D:1      | 0 ||| qw: God list: Okawaru
     0 | D:1      | 0 ||| qw: Allow faded altars: false
     0 | D:1      | 0 ||| qw: Do Orc after D:15 true
     0 | D:1      | 0 ||| qw: Do second Lair branch before Depths: true
     0 | D:1      | 0 ||| qw: Lair rune preference: random
     0 | D:1      | 0 ||| qw: Plans: Normal
     0 | D:1      | 0 ||| PLANNING D:1-11
    17 | D:1      | 17 ||| INVOKING Spit Poison.
    22 | D:1      | 22 ||| INVOKING Spit Poison.
   147 | D:1      | 147 ||| INVOKING Spit Poison.
   151 | D:1      | 151 ||| INVOKING Spit Poison.
   152 | D:1      | Reached skill level 4 in Ranged Weapons
   152 | D:1      | Reached XP level 2. HP: 26/26 MP: 2/2
   157 | D:1      | 157 ||| INVOKING Spit Poison.
   179 | D:1      | 179 ||| INVOKING Spit Poison.
   247 | D:1      | 247 ||| UPGRADING to ring of protection from fire.
   248 | D:1      | 248 ||| READING scroll labelled WOVANW SAULOEJ.
   249 | D:1      | 249 ||| READING scroll labelled WESHRU SOENT.
   254 | D:1      | 254 ||| INVOKING Spit Poison.
   301 | D:1      | 301 ||| DROPPING scroll of butterflies.
   304 | D:1      | 304 ||| INVOKING Spit Poison.
   308 | D:1      | 308 ||| INVOKING Spit Poison.
   311 | D:1      | 311 ||| INVOKING Spit Poison.
   316 | D:1      | 316 ||| INVOKING Spit Poison.
   361 | D:1      | 361 ||| INVOKING Spit Poison.
   383 | D:1      | 383 ||| READING scroll labelled NOGOQ SISEROTUA.
   387 | D:1      | 387 ||| INVOKING Spit Poison.
   405 | D:1      | 405 ||| INVOKING Spit Poison.
   410 | D:1      | 410 ||| INVOKING Spit Poison.
   415 | D:1      | 415 ||| INVOKING Spit Poison.
   432 | D:1      | 432 ||| INVOKING Spit Poison.
   433 | D:1      | Reached XP level 3. HP: 32/32 MP: 3/3
   456 | D:1      | 456 ||| INVOKING Spit Poison.
   630 | D:2      | 630 ||| INVOKING Spit Poison.
   633 | D:2      | 633 ||| INVOKING Spit Poison.
   636 | D:2      | 636 ||| INVOKING Spit Poison.
   647 | D:2      | 647 ||| INVOKING Spit Poison.
   676 | D:2      | 676 ||| STAIRDANCE
   707 | D:2      | 707 ||| INVOKING Spit Poison.
   794 | D:2      | 794 ||| INVOKING Spit Poison.
   814 | D:2      | 814 ||| INVOKING Spit Poison.
   885 | D:2      | 885 ||| INVOKING Spit Poison.
   919 | D:2      | 919 ||| INVOKING Spit Poison.
   945 | D:2      | 945 ||| INVOKING Spit Poison.
   957 | D:2      | 957 ||| INVOKING Spit Poison.
  1143 | D:2      | 1143 ||| INVOKING Spit Poison.
  1149 | D:2      | 1149 ||| INVOKING Spit Poison.
  1151 | D:2      | Reached skill level 5 in Ranged Weapons
  1151 | D:2      | Reached XP level 4. HP: 23/39 MP: 4/4
  1230 | D:2      | 1230 ||| INVOKING Spit Poison.
  1231 | D:2      | 1231 ||| INVOKING Spit Poison.
  1236 | D:2      | 1236 ||| INVOKING Spit Poison.
  1279 | D:2      | 1279 ||| READING scroll labelled DAATSY HULU.
  1280 | D:2      | 1280 ||| READING scroll labelled BAGGOO TIREJ.
  1285 | D:2      | 1285 ||| READING scroll labelled KOUSHR EZOUQ.
  1285 | D:2      | Identified a scroll of acquirement
  1285 | D:2      | 1285 ||| ACQUIRING amulet of Qaeck {RegenMP +Blink Dex+2}
  1285 | D:2      | Acquired the amulet of Qaeck {RegenMP +Blink Dex+2}
  1287 | D:2      | 1287 ||| UPGRADING to amulet of Qaeck {RegenMP +Blink
                  | Dex+2}.
  1306 | D:2      | 1306 ||| STAIRDANCE
  1310 | D:2      | 1310 ||| STAIRDANCE
  1314 | D:2      | 1314 ||| STAIRDANCE
  1318 | D:2      | 1318 ||| STAIRDANCE
  1322 | D:2      | 1322 ||| STAIRDANCE
  1326 | D:2      | 1326 ||| STAIRDANCE
  1330 | D:2      | 1330 ||| STAIRDANCE
  1334 | D:2      | 1334 ||| STAIRDANCE
  1338 | D:2      | 1338 ||| STAIRDANCE
  1342 | D:2      | 1342 ||| STAIRDANCE
  1346 | D:2      | 1346 ||| STAIRDANCE
  1350 | D:2      | 1350 ||| STAIRDANCE
  1354 | D:2      | 1354 ||| STAIRDANCE
  1358 | D:2      | 1358 ||| STAIRDANCE
  1362 | D:2      | 1362 ||| STAIRDANCE
  1366 | D:2      | 1366 ||| STAIRDANCE
  1370 | D:2      | 1370 ||| STAIRDANCE
  1374 | D:2      | 1374 ||| STAIRDANCE
  1378 | D:2      | 1378 ||| STAIRDANCE
  1617 | D:2      | Found a hide-covered altar of Uskayaw.
  1650 | D:3      | 1650 ||| INVOKING Spit Poison.
  1675 | D:3      | 1675 ||| INVOKING Spit Poison.
  1692 | D:3      | 1692 ||| INVOKING Spit Poison.
  1768 | D:3      | Noticed qw's ghost (amateur GrFi)
  1771 | D:3      | 1771 ||| INVOKING Spit Poison.
  1772 | D:3      | Found a runed translucent door.
  1786 | D:3      | 1786 ||| INVOKING Spit Poison.
  1824 | D:3      | 1824 ||| INVOKING Spit Poison.
  1829 | D:3      | 1829 ||| INVOKING Spit Poison.
  1832 | D:3      | 1832 ||| INVOKING Spit Poison.
  1833 | D:3      | HP: 10/40 [orc/+0 trident (2)]
  1835 | D:3      | HP: 3/40 [kobold/+0 dagger (4)]
  1836 | D:3      | Slain by an orc

Levels and vault maps discovered:
D:1:      elethiomel_arrival_shortcut, layout_rooms, serial_glass,
          glass_columns_c, glass_columns_c, minmay_strange_pillars, st_stairs_1,
          minmay_distorted
D:2:      layout_basic, basic_altar
D:3:      layout_basic, tgw_fedhas, hellmonk_ghost_happy_afterlife

Skill      XL: |  1  2  3 |
---------------+----------+-----
Ranged Weapons | 4 5 |  5.0
Fighting       | |  2.8
Dodging        | |  1.5
Stealth        | |  1.5

Action                     |  1- 3 |  4- 6 || total
---------------------------+-------+-------++-------
   Fire: Shortbow          |    75 |    23 ||    98
Ability: Spit Poison       |    31 |    10 ||    41
    Use: Scroll            |     3 |     3 ||     6
 Armour: Leather armour    |     8 |     3 ||    11
  Dodge: Dodged            |    22 |     7 ||    29

Table legend:
 A = Non-vault XP
 B = Vault XP
 C = Vault XP percentage of total XP
 D = Non-vault monster count
 E = Vault monster count
 F = Vault count percentage of total count
                 A         B        C        D         E       F
            +---------+---------+-------+---------+---------+-------
      Total |     139 |       4 |   2.8 |      54 |       3 |   5.3
            +---------+---------+-------+---------+---------+-------
        D:1 |      33 |       4 |  10.8 |      20 |       3 |  13.0
        D:2 |      61 |       0 |   0.0 |      26 |       0 |   0.0
        D:3 |      45 |       0 |   0.0 |       8 |       0 |   0.0
            +---------+---------+-------+---------+---------+-------
